 Dungeon Crawl Stone Soup version 0.21-a0-498-g1b60429 (webtiles) character file.

14879 4thArraOfDagon the Geomancer (level 12, -2/125 HPs)
             Began as an Ogre Earth Elementalist on Nov 24, 2017.
             Was a High Priest of Okawaru.
             Slain by a manticore (11 damage)
             ... on level 15 of the Dungeon.
             The game lasted 00:47:09 (8128 turns).

4thArraOfDagon the Geomancer (OgEE)                 Turns: 8128, Time: 00:47:10

Health: -2/125     AC:  7    Str: 15    XL:     12   Next: 21%
Magic:  21/24      EV: 13    Int: 20    God:    Okawaru [*****.]
Gold:   302        SH:  0    Dex:  9    Spells: 16/28 levels left

rFire    . . .     SeeInvis .   E - +1 morningstar (drain)
rCold    . . .     Gourm    +   (no shield)
rNeg     . . .     Faith    .   G - +2 robe {MR+}
rPois    .         Spirit   .   (helmet restricted)
rElec    .         Reflect  .   F - +0 cloak
rCorr    +         Harm     .   (gloves unavailable)
MR       +++..                  (boots unavailable)
Stlth    +++.......             h - amulet of the gourmand
HPRegen  0.30/turn              D - ring of protection from magic
MPRegen  0.19/turn              A - ring of resist corrosion

@: heroism, barbed spikes
A: large, unfitting armour, beak, rugged brown scales 1, sense surroundings 1,
screaming 1, tough skin 1
a: Heroism, Finesse, Renounce Religion


You were on level 15 of the Dungeon.
You worshipped Okawaru.
Okawaru was extremely pleased with you.
You were very full.

You visited 2 branches of the dungeon, and saw 16 of its levels.
You visited 1 bazaar.

You collected 590 gold pieces.
You spent 288 gold pieces at shops.

Inventory:

Hand Weapons
 B - a +3 mace
 E - a +1 morningstar of draining (weapon)
 J - a +0 giant spiked club
Missiles
 b - 69 stones
 f - 3 poisoned tomahawks
 r - 3 curare-tipped needles
 z - 10 large rocks (quivered)
Armour
 c - a +0 robe
 g - a +2 robe of the Archmagi
 F - a +0 cloak (worn)
 G - a +2 robe of magic resistance (worn)
Jewellery
 h - an amulet of the gourmand (around neck)
 k - an uncursed ring of ice
 n - an uncursed ring of stealth
 A - a ring of resist corrosion (right hand)
 D - a ring of protection from magic (left hand)
 K - a +3 ring of intelligence {unknown}
Wands
 i - a wand of disintegration (1)
 o - a wand of polymorph (25)
 x - a wand of iceblast (7)
 y - a wand of clouds (5)
Scrolls
 a - 3 scrolls of remove curse
 j - 2 scrolls of amnesia
 l - 3 scrolls of teleportation
 p - a scroll of blinking
 C - a scroll of acquirement {unknown}
Potions
 t - 2 potions of curing
 u - a potion of might
 v - a potion of mutation
 w - 3 potions of haste
Books
 e - a book of Geomancy

   Spells                             Type                      Level
   a - Sandblast                      Earth                        1
   b - Passwall                       Transmutation/Earth          2
   c - Stone Arrow                    Conjuration/Earth            3
   d - Petrify                        Transmutation/Earth          4
   e - Lee's Rapid Deconstruction     Earth                        5
 H - a book of Air

   Spells                             Type                      Level
   a - Shock                          Conjuration/Air              1
   b - Swiftness                      Charms/Air                   2
   c - Static Discharge               Conjuration/Air              3
   d - Airstrike                      Air                          4
   e - Lightning Bolt                 Conjuration/Air              5
 I - a book of Necromancy

   Spells                             Type                      Level
   a - Pain                           Necromancy                   1
   b - Animate Skeleton               Necromancy                   1
   c - Vampiric Draining              Necromancy                   3
   d - Regeneration                   Charms/Necromancy            3
   e - Animate Dead                   Necromancy                   4
   f - Control Undead                 Necromancy                   4
Comestibles
 d - 7 bread rations
 m - 3 meat rations
 q - 5 royal jellies
 s - 3 fruits


   Skills:
 + Level 8.8(13.8) Fighting
 * Level 8.5(13.5) Maces & Flails
 + Level 3.3(8.3) Dodging
 - Level 1.4(6.4) Stealth
 + Level 8.7 Spellcasting
 - Level 2.7 Charms
 - Level 2.8 Necromancy
   Level 0.8 Transmutations
 * Level 10.2 Earth Magic
 + Level 7.3 Invocations


You had 16 spell levels left.
You knew the following spells:

 Your Spells              Type           Power        Failure   Level  Hunger
a - Sandblast             Erth           #####.       1%          1    None
b - Lee's Rapid Deconstr  Erth           #####.....   3%          5    #####..
c - Stone Arrow           Conj/Erth      ####..       2%          3    None
d - Regeneration          Chrm/Necr      ###.......   8%          3    None


Dungeon Overview and Level Annotations

Branches:
Dungeon (15/15)            Temple (1/1) D:4             Orc (0/2) D:12
   Lair: D:8-11      Vaults: D:13-14     Depths: D:15

Altars:
Ashenzari
Dithmenos
Elyvilon
Fedhas
Gozag
Hepliaklqana
Kikubaaqudgha
Okawaru
Qazlal
Ru
Trog
Uskayaw
Xom
Yredelemnul
Zin
The Shining One

Shops:
D:13 :(

Annotations:
D:6 tidbits's ghost, novice GnEE


Innate Abilities, Weirdness & Mutations

You are too large for most types of armour.
You have tough skin. (AC +1)
You have a beak for a mouth.
You are partially covered in rugged brown scales. (AC +1, +3% HP)
You passively map a small area around you.
You occasionally shout uncontrollably at your foes.


Message History

Unknown command.
Evoke which item? (* to show all) (? for menu, Esc to quit)
Aiming: Disintegrate
Press: ? - help, Shift-Dir - straight line, f/p - manticore
Aim: a manticore (severely wounded, chance to defeat MR: 48%)
The manticore resists with some effort.
The manticore bites you!
* * * LOW HITPOINT WARNING * * *
The manticore closely misses you. The manticore claws you.
* * * LOW HITPOINT WARNING * * *
Unknown command.
Evoke which item? (* to show all) (? for menu, Esc to quit)
Aiming: Iceblast
Press: ? - help, Shift-Dir - straight line, p - manticore The mass of ice explodes!
The iceblast engulfs the manticore.
The manticore is severely wounded.
You hear a shout! x2
The manticore bites you!!
* * * LOW HITPOINT WARNING * * *
The manticore claws you!
You die...

, , * ##.#.#.##
, , ..(......##
, , *
...(......# * *
*.........., *
.........* , *
#.....####..# #
,
#...H..?....#.#
#....@# ..,*
#..#.#####.# ,
*# ,#.).)...#
,, ,, #######.#
, * # , * * * ,
, , , , * , *
** * * * *


You could see a manticore.

Vanquished Creatures
  A hydra (D:10)
  A centaur warrior (D:14)
  Pikel (D:8)
  An unseen horror (D:13)
  4 cyclopes
  A centaur zombie (D:15)
  Maurice (D:10)
  2 yaktaurs (D:14)
  5 trolls
  Grinder (D:4)
  2 hippogriffs
  A shadow (D:14)
  5 yaks (D:9)
  A human (D:7)
  4 hogs
  A hungry ghost (D:11)
  2 acid dragons
  A water moccasin (D:7)
  2 porcupines (D:8)
  3 sky beasts
  5 orc warriors
  7 ogres
  A phantom (D:11)
  3 slaves (D:8)
  3 black bears
  A necrophage (D:11)
  4 ice beasts
  3 centaurs
  A big kobold (D:11)
  11 bullfrogs
  A gnoll sergeant (D:9)
  3 scorpions
  4 howler monkeys
  7 crimson imps
  A bullfrog zombie (D:11)
  6 hounds
  6 jellies
  2 orc priests
  3 bullfrog skeletons
  9 orc wizards
  5 centaur skeletons
  3 iguanas
  8 worker ants
  A hound zombie (D:11)
  3 gnolls (D:9)
  7 adders
  2 shadow imps
  3 oozes
  An adder zombie (D:9)
  2 adder skeletons
  4 worms (D:2)
  5 dart slugs
  4 leopard geckos
  20 orcs
  2 giant cockroaches
  8 hobgoblins
  2 jackals (D:3)
  5 kobolds
  3 quokkas
  A ball python (D:4)
  A ball python zombie (D:5)
  6 bats
  3 frilled lizards
  4 goblins
  A leopard gecko skeleton (D:6)
  A leopard gecko zombie (D:4)
  A quokka skeleton (D:6)
  8 rats
235 creatures vanquished.

Vanquished Creatures (others)
  An orc priest (D:8)
  An iguana (D:8)
  An orc (D:11)
  2 fungi (D:8)
  A plant (D:8)
6 creatures vanquished.

Grand Total: 241 creatures vanquished

Notes
Turn   | Place    | Note
-------+----------+-------------------------------------------
     0 | D:1      | 4thArraOfDagon the Ogre Earth Elementalist began the quest for the Orb.
     0 | D:1      | Reached XP level 1. HP: 16/16 MP: 3/3
   197 | D:1      | Reached skill level 3 in Earth Magic
   231 | D:1      | Reached XP level 2. HP: 20/24 MP: 3/5
   463 | D:2      | Reached XP level 3. HP: 29/31 MP: 1/7
   823 | D:4      | Reached skill level 4 in Earth Magic
   823 | D:4      | Reached XP level 4. HP: 20/39 MP: 2/9
   846 | D:4      | Noticed Grinder
   861 | D:4      | Killed Grinder
   861 | D:4      | Reached skill level 5 in Earth Magic
   861 | D:4      | Reached XP level 5. HP: 32/45 MP: 0/11
   861 | D:4      | Reached XP level 6. HP: 38/53 MP: 0/12
  1004 | D:4      | Found a staircase to the Ecumenical Temple.
  1008 | D:4      | Noticed a phantom
  1038 | Temple   | Entered the Ecumenical Temple
  1062 | Temple   | Became a worshipper of Warmaster Okawaru
  1113 | D:5      | Entered Level 5 of the Dungeon
  1129 | D:5      | magipi: hello
  1135 | D:5      | 4thArraOfDagon: hello
  1142 | D:5      | magipi: new ogre?
  1183 | D:5      | Learned a level 5 spell: Lee's Rapid Deconstruction
  1226 | D:5      | Noticed an ice beast
  1323 | D:5      | Noticed an ice beast
  1323 | D:5      | Reached skill level 1 in Fighting
  1323 | D:5      | Reached skill level 1 in Invocations
  1331 | D:5      | Killed an ice beast
  1331 | D:5      | Reached XP level 7. HP: 49/63 MP: 6/14
  1471 | D:4      | Learned a level 3 spell: Stone Arrow
  1651 | D:3      | 4thArraOfDagon: brb
  2292 | D:3      | Found a hide-covered altar of Uskayaw.
  2292 | D:3      | Noticed a hand axe
  2292 | D:3      | Noticed a hand axe
  2599 | D:5      | Reached skill level 5 in Spellcasting
  2728 | D:5      | Reached * piety under Okawaru
  2728 | D:5      | Reached skill level 1 in Maces & Flails
  2728 | D:5      | Reached skill level 6 in Earth Magic
  2937 | D:6      | Noticed tidbits's ghost (novice GnEE)
  2991 | D:6      | Reached XP level 8. HP: 55/75 MP: 9/15
  3103 | D:7      | Noticed a hippogriff
  3311 | D:6      | Reached ** piety under Okawaru
  3554 | D:7      | Killed a hippogriff
  3554 | D:7      | Reached skill level 7 in Earth Magic
  3554 | D:7      | Reached XP level 9. HP: 76/85 MP: 10/18
  3696 | D:7      | Reached skill level 5 in Fighting
  3700 | D:7      | Reached *** piety under Okawaru
  3736 | D:7      | Thaneod: h - the +9 morningstar of Mutilation (weapon) {holy, +Blink rElec rPois rF-}.
  3887 | D:8      | Reached skill level 5 in Maces & Flails
  4299 | D:8      | Gained mutation: You passively map a small area around you. [mutagenic meat]
  4300 | D:8      | Gained mutation: You occasionally shout uncontrollably at your foes. [mutagenic meat]
  4301 | D:8      | Gained mutation: Your body sometimes deteriorates upon taking damage. [mutagenic meat]
  4302 | D:8      | Gained mutation: You are clumsy. (Dex -2) [mutagenic meat]
  4303 | D:8      | Gained mutation: You are partially covered in rugged brown scales. (AC +1, +3% HP) [mutagenic meat]
  4400 | D:8      | Reached skill level 8 in Earth Magic
  4407 | D:8      | Reached skill level 5 in Invocations
  4414 | D:8      | Reached XP level 10. HP: 28/100 MP: 1/20
  4424 | D:7      | HP: 4/100 [hound (3)]
  4689 | D:8      | HP: 4/100 [howler monkey (3)]
  4712 | D:7      | Lost mutation: You are clumsy. (Dex -2) [mutagenic meat]
  4713 | D:7      | Lost mutation: Your body sometimes deteriorates upon taking damage. [mutagenic meat]
  4714 | D:7      | Gained mutation: You evolve. [mutagenic meat]
  4715 | D:7      | Gained mutation: You have a beak for a mouth. [mutagenic meat]
  4716 | D:7      | Lost mutation: You evolve. [mutagenic meat]
  4914 | D:8      | Noticed Pikel
  4918 | D:8      | Killed Pikel
  4918 | D:8      | Reached **** piety under Okawaru
  5056 | D:8      | Found a glowing silver altar of Zin.
  5442 | D:10     | Entered Level 10 of the Dungeon
  5972 | D:11     | Found a flickering gateway to a bazaar.
  5981 | Bazaar   | Entered a bazaar
  5981 | Bazaar   | Found Fecoakou's Book Emporium.
  5981 | Bazaar   | Found Xoezuyfe's Assorted Antiques.
  5981 | Bazaar   | Found Boosmy's Food Emporium.
  5981 | Bazaar   | Found Fahufon's Armour Emporium.
  5981 | Bazaar   | Found Haosiyps's Gadget Shoppe.
  6001 | Bazaar   | Bought a runed morningstar for 168 gold pieces
  6002 | Bazaar   | Bought a tubular gilded ring for 120 gold pieces
  6232 | D:10     | Noticed a five-headed hydra
  6250 | D:10     | Killed a five-headed hydra
  6250 | D:10     | Reached skill level 9 in Earth Magic
  6278 | D:10     | Noticed Maurice
  6357 | D:10     | Killed Maurice
  6357 | D:10     | Reached XP level 11. HP: 110/112 MP: 17/22
  6392 | D:10     | Reached ***** piety under Okawaru
  6656 | D:9      | Learned a level 3 spell: Regeneration
  6764 | D:9      | Reached skill level 1 in Charms
  6944 | D:11     | Reached skill level 1 in Necromancy
  7248 | D:12     | Found a staircase to the Orcish Mines.
  7262 | D:13     | Noticed a cyclops
  7283 | D:13     | Killed a cyclops
  7435 | D:13     | Received a gift from Okawaru
  7531 | D:13     | Killed an unseen horror
  7559 | D:12     | Noticed a deep elf mage
  7621 | D:13     | Found Zaebrauj's Book Boutique.
  7622 | D:13     | Found Jimuxoeh's Weapon Emporium.
  7642 | D:14     | Noticed a centaur warrior
  7644 | D:14     | Killed a centaur warrior
  7696 | D:14     | Noticed a cyclops
  7704 | D:14     | Killed a cyclops
  7760 | D:14     | Noticed a cyclops
  7772 | D:14     | magipi: shouldn't you pick up large rocks?
  7776 | D:14     | Killed a cyclops
  7776 | D:14     | Reached skill level 10 in Earth Magic
  7852 | D:14     | 4thArraOfDagon: right!
  7852 | D:14     | 4thArraOfDagon: I'm Ogre...
  7916 | D:14     | Reached XP level 12. HP: 98/125 MP: 21/24
  7971 | D:14     | Noticed a death knight
  8057 | D:15     | Entered Level 15 of the Dungeon
  8128 | D:15     | Slain by a manticore

Vault maps used:
D:1:      roderic_lyre, minmay_split_cup_small
D:3:      dancing_weapons_uskayaw
D:4:      minmay_temple_entry_overgrown, cheibrodos_sewer_entry_sluice,
          first_bread, uniq_grinder
D:6:      serial_park_tiny_pond
D:7:      grunt_livestock
D:8:      minitemple, grunt_lair_entry_orc_guard_hut, uniq_pikel
D:10:     uniq_maurice
D:11:     serial_shops, bzr_firewalk, hangedman_decor_opposing
D:12:     orc_0_dummy, nicolae_trove_entry_crystal
D:13:     serial_shops, kennysheep_mini_moat, nicolae_shop_behind_doors,
          shop_fountains
D:14:     david_vaults_2, basic_altar, kennysheep_doodads
D:15:     hangedman_depths_entry_try_elsewhere_first, minivault_27
Temple:   eino_temple_lava
Bazaar:   bazaar_minmay_row

Skill      XL: |  1  2  3  4  5  6  7  8  9 10 11 |
---------------+----------------------------------+-----
Earth Magic    | 3 4 5 6 7 8 9 10 | 10.2
Spellcasting   | 3 4 5 6 7 8 |  8.7
Fighting       | 1 3 4 6 7 8 |  8.8
Invocations    | 1 2 3 5 6 7 |  7.3
Maces & Flails | 2 3 5 7 8 |  8.5
Charms         | 2 |  2.7
Necromancy     | 2 |  2.8
Dodging        | 3 |  3.3
Stealth        | |  1.4
Transmutations | |  0.8

Action                   |  1- 3 |  4- 6 |  7- 9 | 10-12 || total
-------------------------+-------+-------+-------+-------++-------
Melee: Club              |    61 |     6 |       |       ||    67
       Unarmed           |     2 |       |       |       ||     2
       Flail             |       |    14 |   120 |       ||   134
       Giant club        |       |       |    14 |       ||    14
       Mace              |       |       |    82 |    97 ||   179
       Punch             |       |       |     1 |     3 ||     4
       Morningstar       |       |       |       |   265 ||   265
       Peck              |       |       |       |    55 ||    55
       Whip              |       |       |       |    18 ||    18
Throw: Tomahawk          |       |       |       |     3 ||     3
       Large rock        |       |       |       |    10 ||    10
 Cast: Sandblast         |    46 |    23 |    59 |    42 ||   170
       Stone Arrow       |       |       |    34 |    43 ||    77
       Lee's Rapid Decon |       |       |       |    10 ||    10
       Regeneration      |       |       |       |    10 ||    10
Invok: Heroism           |       |       |     3 |    30 ||    33
Evoke: Wand              |       |     4 |     7 |    32 ||    43
  Use: Scroll            |     6 |       |     5 |     8 ||    19
       Potion            |       |     1 |     1 |     7 ||     9
 Stab: Paralysed         |       |     1 |    19 |     5 ||    25
       Sleeping          |       |       |     1 |     1 ||     2
       Confused          |       |       |       |     1 ||     1
  Eat: Chunk             |       |     2 |    25 |    31 ||    58
Armor: Robe              |    27 |     3 |    49 |   127 ||   206
Dodge: Dodged            |    48 |    12 |   152 |   203 ||   415

Table legend:
 A = Spawn XP
 B = Non-spawn XP
 C = Spawn XP percentage of total XP
 D = Spawn monster count
 E = Non-spawn monster count
 F = Spawn count percentage of total count
 G = Total turns spent on level
                    A         B        C        D         E        F      G
               +---------+---------+-------+---------+---------+-------+---------
         Total |       0 |   21256 |   0.0 |       0 |     232 |   0.0 |  8128
               +---------+---------+-------+---------+---------+-------+---------
           D:1 |       0 |      21 |   0.0 |       0 |      15 |   0.0 |   519
           D:2 |       0 |      79 |   0.0 |       0 |      21 |   0.0 |   576
           D:3 |       0 |      41 |   0.0 |       0 |      14 |   0.0 |   431
           D:4 |       0 |     342 |   0.0 |       0 |      10 |   0.0 |   597
           D:5 |       0 |     483 |   0.0 |       0 |      10 |   0.0 |   554
           D:6 |       0 |     911 |   0.0 |       0 |      15 |   0.0 |   589
           D:7 |       0 |    1743 |   0.0 |       0 |      17 |   0.0 |  1203
           D:8 |       0 |    2490 |   0.0 |       0 |      25 |   0.0 |   795
           D:9 |       0 |    1414 |   0.0 |       0 |      22 |   0.0 |   550
          D:10 |       0 |    2642 |   0.0 |       0 |      16 |   0.0 |   556
          D:11 |       0 |    2027 |   0.0 |       0 |      29 |   0.0 |   691
          D:12 |       0 |     164 |   0.0 |       0 |       2 |   0.0 |    16
          D:13 |       0 |    3092 |   0.0 |       0 |      15 |   0.0 |   378
          D:14 |       0 |    5087 |   0.0 |       0 |      16 |   0.0 |   415
          D:15 |       0 |     720 |   0.0 |       0 |       5 |   0.0 |    71
               +---------+---------+-------+---------+---------+-------+---------
